 Dungeon Crawl Stone Soup version 0.20.1-1-g8b1a95d (webtiles) character file.

77 slep the Skirmisher (level 4, 0/55 HPs)
             Began as a Demonspawn Abyssal Knight on Oct 26, 2017.
             Was a Believer of Lugonu.
             Succumbed to an adder's poison
             ... on level 2 of the Dungeon.
             The game lasted 00:08:29 (925 turns).

slep the Skirmisher (Demonspawn Abyssal Knight)      Turns: 925, Time: 00:08:30

Health: 0/55       AC: 22    Str: 12    XL:     4   Next: 13%
Magic:  5/5        EV:  2    Int: 14    God:    Lugonu [**....]
Gold:   37         SH:  0    Dex: 13    Spells: 3/3 levels left

rFire    . . .     SeeInvis .   a - +1 falchion
rCold    . . .     Gourm    .   (no shield)
rNeg     + + +     Faith    .   (armour currently unavailable)
rPois    +         Spirit   .   (helmet currently unavailable)
rElec    .         Reflect  .   (cloak currently unavailable)
rCorr    .         Harm     .   (gloves currently unavailable)
MR       .....     NoTele   +   (boots currently unavailable)
Stlth    +.........             (no amulet)
Regen    0.2/turn               (no ring)
MPRegen  0.1/turn               (no ring)

@: lethally poisoned (0 -> -1), tree-form (expiring), hasted, very quick
A: foul stench 1, rot immunity
a: Depart the Abyss, Bend Space, Renounce Religion


You were on level 2 of the Dungeon.
You worshipped Lugonu.
Lugonu was pleased with you.
You were not hungry.
You were a tree.
You visited 1 branch of the dungeon, and saw 2 of its levels.
You visited the Abyss 1 time.

You collected 37 gold pieces.

Inventory:

Hand Weapons
 a - a +1 falchion (weapon)
Missiles
 n - 3 javelins of returning (quivered)
Armour
 b - a +0 leather armour (melded)
Scrolls
 d - a scroll of fog {unknown}
 g - 2 scrolls of identify {unknown}
 i - a scroll of enchant weapon {unknown}
 j - a scroll of remove curse {unknown}
 o - a scroll of enchant armour {unknown}
Comestibles
 c - a bread ration
 f - a meat ration
 h - 2 chunks of flesh
 k - a royal jelly
 m - a fruit


   Skills:
 + Level 3.7 Fighting
 + Level 2.7 Long Blades
 + Level 0.5 Throwing
 + Level 2.2 Armour
 + Level 1.3 Dodging
 + Level 2.5 Invocations


You had 3 spell levels left.
You didn't know any spells.

Dungeon Overview and Level Annotations

Branches:
Dungeon (2/15)

Altars:


Innate Abilities, Weirdness & Mutations

((You have sharp fingernails.))
You may emit foul miasma when damaged in melee.
You are immune to rotting.


Message History

You cannot move.
You cannot move.
There is a lethal amount of poison in your body!
There is a lethal amount of poison in your body!
* * * LOW HITPOINT WARNING * * *
You feel sick.
* * * LOW HITPOINT WARNING * * *
You feel sick.
* * * LOW HITPOINT WARNING * * *
You feel sick.
* * * LOW HITPOINT WARNING * * *
You feel sick.
* * * LOW HITPOINT WARNING * * *
You feel sick.
* * * LOW HITPOINT WARNING * * *
You feel sick.
* * * LOW HITPOINT WARNING * * *
You feel sick.
Your transformation is almost over.
You die...

..#.... .# #......#...
........> ## #......#.##
..#.##...... .......# #
###.##.##.#####.....# .
###.##.........# ..
...............# #..
##...#.........# ..#
...............###(..##.
###..#...<......♣†......
...............####...#.
###.##)........# ##
####......<..#
#.........# #.........#
###########


There were no monsters in sight!

Vanquished Creatures
  4 adders (D:2)
  2 dart slugs (D:1)
  A leopard gecko (D:1)
  A ball python (D:1)
  6 bats
  2 giant cockroaches (D:1)
  3 hobgoblins
  4 jackals (D:1)
  7 kobolds
  A quokka (D:2)
  2 frilled lizards (D:1)
  5 rats
38 creatures vanquished.

Notes
Turn   | Place    | Note
-------+----------+-------------------------------------------
     0 | Abyss:1  | slep the Demonspawn Abyssal Knight began the quest for the Orb.
     0 | Abyss:1  | Reached XP level 1. HP: 18/18 MP: 2/2
    26 | Abyss:1  | Noticed a starcursed mass
    38 | Abyss:1  | Noticed a thrashing horror
    40 | D:1      | Escaped the Abyss
   162 | D:1      | Reached * piety under Lugonu
   167 | D:1      | Gained mutation: You are immune to rotting. [demonic ancestry]
   167 | D:1      | Reached XP level 2. HP: 20/24 MP: 3/3
   223 | D:1      | Reached skill level 1 in Dodging
   636 | D:1      | Gained mutation: You may emit foul miasma when damaged in melee. [demonic ancestry]
   636 | D:1      | Reached XP level 3. HP: 24/29 MP: 4/4
   861 | D:2      | Reached ** piety under Lugonu
   871 | D:2      | Gained mutation: You have sharp fingernails. [demonic ancestry]
   871 | D:2      | Reached XP level 4. HP: 11/37 MP: 5/5
   908 | D:2      | HP: 2/55 [poisoned by an adder]
   915 | D:2      | HP: 1/55 [poisoned by an adder]
   920 | D:2      | HP: 1/55 [poisoned by an adder]
   925 | D:2      | Succumbed to an adder's poison

Skill      XL: |  1  2 |
---------------+-------+-----
Armour         | 2 |  2.2
Dodging        | 1 |  1.3
Long Blades    | 2 |  2.7
Fighting       | |  3.7
Throwing       | |  0.5
Invocations    | |  2.5

Action                   |  1- 3 |  4- 6 || total
-------------------------+-------+-------++-------
Melee: Falchion          |    87 |     4 ||    91
Throw: Javelin           |    30 |     1 ||    31
Invok: Depart the Abyss  |     1 |       ||     1
  Use: Potion            |     1 |     2 ||     3
Armor: Leather armour    |    21 |       ||    21
       Skin              |       |     2 ||     2
Dodge: Dodged            |    71 |     3 ||    74
       Rpst.: Falchion   |    26 |     2 ||    28
